 Dungeon Crawl Stone Soup version 0.30-a0-715-gdb4ae3ece1 (webtiles) character file.

Game seed: 13242808124543452594

8153 NinjaNoafa the Thaumaturge (level 11, -1/82 HPs)
             Began as a Gnoll Earth Elementalist on Jan 24, 2023.
             Was an Elder of Cheibriados.
             Slain by a catoblepas (20 damage)
             ... on level 1 of the Lair of Beasts.
             The game lasted 00:29:33 (13678 turns).

NinjaNoafa the Thaumaturge (GnEE)                  Turns: 13678, Time: 00:29:34

Health: -1/82      AC: 10    Str: 17    XL:     11   Next: 26%
Magic:  17/23      EV: 23    Int: 28    God:    Cheibriados [****..]
Gold:   709        SH:  0    Dex: 21    Spells: 3/26 levels left

rFire   . . .      SeeInvis +    c - +4 dire flail (protect)
rCold   . . .      Faith    .    (shield currently unavailable)
rNeg    . . .      Spirit   .    l - +0 robe
rPois   .          Reflect  .    o - +2 helmet
rElec   .          Harm     .    i - +0 cloak
rCorr   .          Rampage  .    I - +2 pair of gloves
Will    .....                    (no boots)
Stlth   ++++                     (no amulet)
HPRegen 0.33/turn                C - ring of see invisible
MPRegen 0.18/turn                n - +5 ring of evasion

@: very slow
A: fangs 1, strong nose, distributed training
a: Renounce Religion, Bend Time, Temporal Distortion, Slouch


You were on level 1 of the Lair of Beasts.
You worshipped Cheibriados.
Cheibriados was greatly pleased with you.
You visited 3 branches of the dungeon, and saw 11 of its levels.
You also visited: Ossuary.

You collected 709 gold pieces.

Inventory:

Hand Weapons
 a - a +1 dagger of venom
 c - a +4 dire flail of protection (weapon)
Missiles
 j - 3 boomerangs of dispersal
 p - 8 boomerangs
 A - 19 poisoned darts
 D - 5 javelins
Armour
 i - a +0 cloak (worn)
 l - a +0 robe (worn)
 o - a +2 helmet (worn)
 I - a +2 pair of gloves (worn)
Magical Staves
 b - a staff of conjuration
Jewellery
 f - a ring of flight
 n - a +5 ring of evasion (right hand)
 C - a ring of see invisible (left hand)
 G - a ring of protection from cold
Wands
 y - a wand of flame (24)
 z - a wand of digging (1)
 F - a wand of iceblast (9)
 J - a wand of polymorph (9)
 M - a wand of charming (4)
Scrolls
 d - a scroll of poison
 e - a scroll of fear
 k - a scroll of silence
 m - 3 scrolls of teleportation
 r - 4 scrolls of fog
 u - 3 scrolls of amnesia
 w - 4 scrolls of vulnerability
 H - 2 scrolls of enchant weapon
 N - a scroll of brand weapon {unknown}
Potions
 g - 4 potions of ambrosia
 h - 3 potions of curing {unknown}
 q - 4 potions of flight
 s - 5 potions of brilliance
 t - a potion of invisibility
 v - 2 potions of mutation
 x - a potion of heal wounds {unknown}
 B - 5 potions of might
 E - 3 potions of magic
 K - 3 potions of attraction {unknown}
 L - a potion of berserk rage {unknown}
 O - a potion of degeneration {unknown}


   Skills:
 + Level 6.3 Fighting
 + Level 6.3 Short Blades
 + Level 6.3 Long Blades
 + Level 6.3 Axes
 + Level 6.3 Maces & Flails
 + Level 6.3 Polearms
 + Level 6.3 Staves
 + Level 6.3 Ranged Weapons
 + Level 6.3 Throwing
 + Level 6.3 Armour
 + Level 7.9 Dodging
 + Level 7.7 Stealth
 + Level 6.3 Shields
 + Level 6.3 Unarmed Combat
 + Level 8.2 Spellcasting
 + Level 5.2 Conjurations
 + Level 5.2 Hexes
 + Level 5.2 Summonings
 + Level 5.2 Necromancy
 + Level 5.2 Translocations
 + Level 5.7 Transmutations
 + Level 5.2 Fire Magic
 + Level 5.2 Ice Magic
 + Level 5.2 Air Magic
 + Level 7.7 Earth Magic
 + Level 5.2 Poison Magic
 + Level 7.0 Invocations
 + Level 6.3 Evocations


You had 3 spell levels left.
You knew the following spells:

 Your Spells              Type           Power      Damage    Failure   Level
a - Sandblast             Erth           100%       2d20      1%          1
b - Passwall              Tmut/Erth      40%        N/A       1%          2
c - Stone Arrow           Conj/Erth      94%        3d12      1%          3
d - Scorch                Fire           82%        2d9       1%          2
e - Tukima's Dance        Hex            41%        N/A       1%          3
f - Petrify               Tmut/Erth      49%        N/A       3%          4
g - Flame Wave            Conj/Fire      41%        2d11      5%          4
h - Passage of Golubria   Tloc           41%        N/A       5%          4

Your spell library contained the following spells:

 Spells                   Type           Power      Damage    Failure   Level
 Yara's Violent Unravell  Hex/Tmut       21%        3d10      14%         5
 Summon Cactus Giant      Summ           20%        N/A       65%         6


Dungeon Overview and Level Annotations

Branches:
Dungeon (9/15)             Temple (1/1) D:6            Lair (1/5) D:9
Ossuary (visited)
    Orc: D:9-12

Altars:
Ashenzari
Cheibriados
Dithmenos
Elyvilon
Fedhas
Gozag
Hepliaklqana
Kikubaaqudgha
Makhleb
Nemelex Xobeh
Okawaru
Qazlal
Ru
Sif Muna
Trog
Uskayaw
Vehumet
Wu Jian
Yredelemnul
Zin
The Shining One

Shops:
D:5 (   D:8 :


Innate Abilities, Weirdness & Mutations

You have very sharp teeth.
Your uncanny sense of smell can sniff out nearby items.
Your experience applies equally to all skills.


Message History

You are engulfed in calcifying dust.
The catoblepas is no longer more vulnerable to fire.
The catoblepas gores you!
You turn to flesh and can move again.
Found a club.
The catoblepas gores you!!
* * * LOW HITPOINT WARNING * * *
The catoblepas misses you.
Casting: Scorch (safe; 1% risk of failure)
Confirm with . or Enter, or press ? or * to list all spells.
Aiming: Passage of Golubria (dangerous; 5% risk of failure)
Press: ? - help, Dir - move target The catoblepas barely misses you.
The catoblepas attacks as you move away!
The catoblepas completely misses you.
You hear the thunderous beating of a distant drum.
The catoblepas misses you.
The catoblepas attacks as you move away!
The catoblepas gores you.
* * * LOW HITPOINT WARNING * * *
You enter the passage of Golubria.
The catoblepas breathes a plume of calcifying dust at you.
The blast of calcifying dust hits you.
* * * LOW HITPOINT WARNING * * *
There is a passage of Golubria, spattered with blood here.
The catoblepas barely misses you.
The catoblepas breathes a plume of calcifying dust at you.
The blast of calcifying dust hits you.
* * * LOW HITPOINT WARNING * * *
The catoblepas breathes a plume of calcifying dust at you.
The blast of calcifying dust hits you but does no damage.
The catoblepas breathes a plume of calcifying dust at you.
The blast of calcifying dust hits you but does no damage.
The catoblepas gores you!
* * * LOW HITPOINT WARNING * * *
Casting: Passage of Golubria (dangerous; 5% risk of failure)
Confirm with . or Enter, or press ? or * to list all spells.
Aiming: Passage of Golubria (dangerous; 5% risk of failure)
Press: ? - help, Dir - move target The catoblepas gores you!!
You die...

#..............##
#...............#
#....##.##.#.+#..
#...#............
#..........#.....
#^..#....#.......
##...#.§..#..#..8!
#.Y^.#..Y.# .. ..
#@§§.#..§.#
##§§......#
#§§.###+## #.§...
#.§.... #.§......
#........ #.. ####


You could see a catoblepas.

Vanquished Creatures
  A two-headed ogre (D:9)
  Pikel (D:7)
  A cyclops (D:9)
  A komodo dragon (D:9)
  Sigmund (D:4)
  A wyvern (D:7)
  A wraith (D:9)
  2 steam dragons
  Menkaure (D:6)
  Edmund (D:4)
  2 water moccasins
  4 orc warriors
  An ice beast (D:6)
  3 sky beasts
  2 black bears
  6 wolves (Lair:1)
  4 ogres
  2 centaurs
  A phantom (D:5)
  3 kobold brigands
  4 bullfrogs
  3 necrophages
  3 scorpions
  13 wights
  11 killer bees
  A howler monkey (D:8)
  An electric eel (D:9)
  4 hounds
  A jelly (D:6)
  6 orc priests
  A gnoll bouda (D:5)
  Ijyb (D:4)
  4 iguanas
  10 orc wizards
  12 mummies (Ossuary)
  6 gnolls
  2 adders (D:2)
  2 shadow imps (D:7)
  A white imp (D:5)
  2 worms
  A dart slug (D:1)
  23 orcs
  9 endoplasms
  2 giant cockroaches (D:1)
  5 goblins
  7 hobgoblins
  4 jackals (D:2)
  24 kobolds
  4 quokkas
  10 ball pythons
  6 bats
  2 frilled lizards (D:1)
  A gnoll skeleton (Ossuary)
  2 goblin skeletons (Ossuary)
  2 goblin zombies (D:5)
  3 kobold skeletons (Ossuary)
  2 orc skeletons (Ossuary)
  4 rats
  11 rat skeletons (Ossuary)
249 creatures vanquished.

Vanquished Creatures (collateral kills)
  A hornet (D:8)
  An orc priest (D:8)
2 creatures vanquished.

Vanquished Creatures (others)
  A dancing weapon (D:7)
  6 plants (D:9)
7 creatures vanquished.

Grand Total: 258 creatures vanquished

Notes
Turn   | Place    | Note
-------+----------+-------------------------------------------
     0 | D:1      | NinjaNoafa the Gnoll Earth Elementalist began the quest for
                  | the Orb.
     0 | D:1      | Reached XP level 1. HP: 13/13 MP: 6/6
   152 | D:1      | Reached XP level 2. HP: 19/19 MP: 4/7
   595 | D:1      | Reached skill level 5 in Spellcasting
   595 | D:1      | Reached XP level 3. HP: 25/25 MP: 6/9
   598 | D:1      | Learned a level 2 spell: Passwall
   867 | D:2      | Reached skill level 1 in Invocations
  1014 | D:2      | Reached skill level 1 in Fighting
  1014 | D:2      | Reached skill level 1 in Short Blades
  1014 | D:2      | Reached skill level 1 in Long Blades
  1014 | D:2      | Reached skill level 1 in Axes
  1014 | D:2      | Reached skill level 1 in Maces & Flails
  1014 | D:2      | Reached skill level 1 in Polearms
  1014 | D:2      | Reached skill level 1 in Staves
  1014 | D:2      | Reached skill level 1 in Ranged Weapons
  1014 | D:2      | Reached skill level 1 in Throwing
  1014 | D:2      | Reached skill level 1 in Armour
  1014 | D:2      | Reached skill level 1 in Shields
  1014 | D:2      | Reached skill level 1 in Unarmed Combat
  1014 | D:2      | Reached skill level 1 in Evocations
  1135 | D:2      | Reached XP level 4. HP: 32/32 MP: 9/11
  1899 | D:3      | Found a sacrificial altar of Ru.
  1977 | D:3      | You are sucked into a shaft and drop 2 floors!
  1977 | D:5      | Entered Level 5 of the Dungeon
  1990 | D:5      | Noticed a scorpion
  2009 | D:5      | Killed a scorpion
  2010 | D:5      | Reached skill level 1 in Conjurations
  2010 | D:5      | Reached skill level 1 in Hexes
  2010 | D:5      | Reached skill level 1 in Summonings
  2010 | D:5      | Reached skill level 1 in Necromancy
  2010 | D:5      | Reached skill level 1 in Translocations
  2010 | D:5      | Reached skill level 1 in Fire Magic
  2010 | D:5      | Reached skill level 1 in Ice Magic
  2010 | D:5      | Reached skill level 1 in Air Magic
  2010 | D:5      | Reached skill level 1 in Poison Magic
  2010 | D:5      | Reached XP level 5. HP: 33/37 MP: 7/12
  2015 | D:5      | Noticed an ogre
  2017 | D:5      | Noticed a phantom
  2023 | D:5      | Killed a phantom
  2058 | D:5      | Killed an ogre
  2059 | D:5      | Reached skill level 5 in Dodging
  2059 | D:5      | Reached XP level 6. HP: 24/44 MP: 3/14
  2199 | D:5      | Found a sand-covered staircase.
  2206 | Ossuary  | Entered an ossuary
  2444 | Ossuary  | Learned a level 3 spell: Stone Arrow
  2882 | Ossuary  | Reached XP level 7. HP: 50/50 MP: 12/15
  3187 | D:5      | Reached skill level 5 in Stealth
  3539 | D:5      | Found Pyr Ilic's Weapon Shop.
  4083 | D:5      | Reached XP level 8. HP: 58/58 MP: 1/16
  4530 | D:4      | Reached skill level 6 in Spellcasting
  4584 | D:4      | Noticed Sigmund
  4586 | D:4      | Noticed Edmund
  5743 | D:4      | Noticed Ijyb
  5748 | D:4      | Killed Ijyb
  5832 | D:4      | Killed Sigmund
  5854 | D:4      | Killed Edmund
  6201 | D:4      | Reached XP level 9. HP: 51/65 MP: 1/18
  7065 | D:6      | Found a staircase to the Ecumenical Temple.
  7071 | Temple   | Entered the Ecumenical Temple
  7162 | Temple   | Became a worshipper of Cheibriados the Contemplative
  7263 | D:6      | Learned a level 2 spell: Scorch
  7585 | D:6      | Reached * piety under Cheibriados
  7881 | D:6      | Found a hide-covered altar of Uskayaw.
  7912 | D:7      | Reached skill level 5 in Invocations
  7912 | D:7      | Noticed Menkaure
  7927 | D:6      | Killed Menkaure
  8280 | D:7      | Reached skill level 7 in Spellcasting
  8859 | D:7      | Reached skill level 5 in Fighting
  8859 | D:7      | Reached skill level 5 in Short Blades
  8859 | D:7      | Reached skill level 5 in Long Blades
  8859 | D:7      | Reached skill level 5 in Axes
  8859 | D:7      | Reached skill level 5 in Maces & Flails
  8859 | D:7      | Reached skill level 5 in Polearms
  8859 | D:7      | Reached skill level 5 in Staves
  8859 | D:7      | Reached skill level 5 in Ranged Weapons
  8859 | D:7      | Reached skill level 5 in Throwing
  8859 | D:7      | Reached skill level 5 in Armour
  8859 | D:7      | Reached skill level 5 in Shields
  8859 | D:7      | Reached skill level 5 in Unarmed Combat
  8859 | D:7      | Reached skill level 5 in Evocations
  8859 | D:7      | Reached XP level 10. HP: 58/74 MP: 6/20
  8975 | D:7      | Noticed Pikel
  8993 | D:7      | Killed Pikel
  9251 | D:8      | Learned a level 3 spell: Tukima's Dance
  9256 | D:8      | Learned a level 4 spell: Petrify
  9748 | D:8      | Paralysed by a hornet for 3 turns
  9753 | D:8      | Reached ** piety under Cheibriados
  9754 | D:8      | Reached skill level 5 in Transmutations
 11354 | D:8      | Found Kioteh's Vocational Training.
 11566 | D:8      | Found a shimmering blue altar of Sif Muna.
 11948 | D:9      | Reached *** piety under Cheibriados
 12246 | D:9      | Found a glowing golden altar of the Shining One.
 12443 | D:9      | Found a staircase to the Lair.
 12474 | D:9      | Noticed a two-headed ogre
 12484 | D:9      | Killed a two-headed ogre
 12485 | D:9      | Reached skill level 8 in Spellcasting
 12485 | D:9      | Reached skill level 5 in Conjurations
 12485 | D:9      | Reached skill level 5 in Hexes
 12485 | D:9      | Reached skill level 5 in Summonings
 12485 | D:9      | Reached skill level 5 in Necromancy
 12485 | D:9      | Reached skill level 5 in Translocations
 12485 | D:9      | Reached skill level 5 in Fire Magic
 12485 | D:9      | Reached skill level 5 in Ice Magic
 12485 | D:9      | Reached skill level 5 in Air Magic
 12485 | D:9      | Reached skill level 5 in Poison Magic
 12485 | D:9      | Reached XP level 11. HP: 38/81 MP: 13/23
 12823 | D:9      | Found a sparkling altar of Nemelex Xobeh.
 12947 | D:9      | Noticed a cyclops
 12953 | D:9      | Killed a cyclops
 13361 | Lair:1   | Entered Level 1 of the Lair of Beasts
 13426 | Lair:1   | Learned a level 4 spell: Flame Wave
 13431 | Lair:1   | Learned a level 4 spell: Passage of Golubria
 13648 | Lair:1   | Reached **** piety under Cheibriados
 13655 | Lair:1   | Noticed a catoblepas
 13678 | Lair:1   | Slain by a catoblepas

Illustrated notes

Levels and vault maps discovered:
D:1:      dpeg_arrival_shrine, layout_basic
D:2:      layout_loops_ring
D:3:      layout_basic, mainiacjoe_overflow_cross_hatched,
          chequers_serial_rivers_large_a
D:4:      layout_basic, minmay_pentangle, uniq_ijyb, uniq_sigmund, uniq_edmund
D:5:      cheibrodos_thug_alley, layout_loops_ring, serial_shops, shop,
          enter_ossuary_4, nicolae_sextant, hex_tiny, grunt_ministairs_6,
          nicolae_figureground_sparkle
D:6:      layout_rooms, nicolae_uskayaw_dance_hall,
          minmay_temple_entry_overgrown, grunt_ministairs_2, item_on_display_a
D:7:      layout_loops_cross, uniq_pikel, uniq_menkaure
D:8:      layout_loops_cross, tgw_sif, nicolae_shop_vocational
D:9:      layout_loops_ring, general_overflow_altar,
          mainiacjoe_overflow_alcove_4, david_lair_shrubbed, lightli_minifort
Temple:   nicolae_temple_superstar
Lair:1:   wander_river, layout_regular_city, gauntlet_entry_generic,
          serial_bayou_shore_b, grunt_megastairs_3, infiniplex_staircase_pool_2,
          lemuel_fruit_tree, uniq_harold

Skill      XL: |  1  2  3  4  5  6  7  8  9 10 11 |
---------------+----------------------------------+-----
Transmutations | 2 3 4 5 |  5.7
Spellcasting   | 5 6 7 8 |  8.2
Invocations    | 1 2 3 4 5 6 7 |  7.0
Fighting       | 1 2 3 5 6 |  6.3
Short Blades   | 1 2 3 5 6 |  6.3
Long Blades    | 1 2 3 5 6 |  6.3
Axes           | 1 2 3 5 6 |  6.3
Maces & Flails | 1 2 3 5 6 |  6.3
Polearms       | 1 2 3 5 6 |  6.3
Staves         | 1 2 3 5 6 |  6.3
Ranged Weapons | 1 2 3 5 6 |  6.3
Throwing       | 1 2 3 5 6 |  6.3
Armour         | 1 2 3 5 6 |  6.3
Shields        | 1 2 3 5 6 |  6.3
Unarmed Combat | 1 2 3 5 6 |  6.3
Evocations     | 1 2 3 5 6 |  6.3
Conjurations   | 1 2 3 4 5 |  5.2
Hexes          | 1 2 3 4 5 |  5.2
Summonings     | 1 2 3 4 5 |  5.2
Necromancy     | 1 2 3 4 5 |  5.2
Translocations | 1 2 3 4 5 |  5.2
Fire Magic     | 1 2 3 4 5 |  5.2
Ice Magic      | 1 2 3 4 5 |  5.2
Air Magic      | 1 2 3 4 5 |  5.2
Poison Magic   | 1 2 3 4 5 |  5.2
Dodging        | 5 6 7 |  7.9
Stealth        | 5 6 7 |  7.7
Earth Magic    | 6 7 |  7.7

Action                     |  1- 3 |  4- 6 |  7- 9 | 10-12 || total
---------------------------+-------+-------+-------+-------++-------
  Melee: Dagger            |     2 |    15 |     6 |    23 ||    46
         Bite              |       |     1 |     8 |    10 ||    19
         Staff             |       |       |    34 |    21 ||    55
         Punch             |       |       |       |     4 ||     4
         Dire flail        |       |       |       |    17 ||    17
   Cast: Sandblast         |    42 |    97 |    66 |    32 ||   237
         Passwall          |       |     5 |     6 |     8 ||    19
         Stone Arrow       |       |     4 |    75 |    18 ||    97
         Scorch            |       |       |    59 |   122 ||   181
         Petrify           |       |       |       |     9 ||     9
         Tukima's Dance    |       |       |       |     7 ||     7
         Passage of Golubr |       |       |       |     3 ||     3
 Invoke: Bend Time         |       |       |     1 |       ||     1
  Evoke: Wand              |       |       |       |     1 ||     1
    Use: Scroll            |       |    12 |     9 |     7 ||    28
         Potion            |       |       |     2 |     1 ||     3
   Stab: Sleeping          |       |       |       |     3 ||     3
         Petrified         |       |       |       |     2 ||     2
 Armour: Robe              |       |    19 |    38 |    73 ||   130
  Dodge: Dodged            |     7 |    56 |   232 |   337 ||   632

Table legend: (Time is in decaauts)
 A = Elapsed time spent in this place.
 B = Non-inter-level travel time spent in this place.
 C = Inter-level travel time spent in this place.
 D = Time resting spent in this place.
 E = Time spent auto-exploring this place.
 F = Levels seen in this place.
 G = Mean time per level.
                   A        B        C        D        E       F      G
               +--------+--------+--------+--------+--------+-----+--------+
         Total |  15248 |  14178 |   1070 |     81 |  11637 |  12 | 1270.7 |
       Dungeon |  13860 |  12812 |   1048 |     73 |  10624 |   9 | 1540.0 |
        Temple |    114 |     92 |     22 |      0 |     73 |   1 |  114.0 |
          Lair |    413 |    413 |      0 |      8 |    257 |   1 |  413.0 |
       Ossuary |    861 |    861 |      0 |      0 |    682 |   1 |  861.0 |
               +--------+--------+--------+--------+--------+-----+--------+

Top non-repeatable levels by time:
     D:7: 2666 daAuts
     D:9: 1933 daAuts
     D:5: 1754 daAuts
     D:8: 1702 daAuts
     D:6: 1415 daAuts
     D:3: 1273 daAuts
     D:4: 1206 daAuts
     D:2: 1150 daAuts
 Ossuary: 861 daAuts
     D:1: 757 daAuts
  Lair:1: 413 daAuts
  Temple: 114 daAuts
